 Dungeon Crawl Stone Soup version 0.19-GnollCrawlA-1-g03664ee (webtiles) character file.

753 GravitySqueeze the Shield-Bearer (level 1, 0/19 HPs)
             Began as a Minotaur Fighter on Mar 2, 2017.
             Was the Champion of Okawaru.
             Succumbed to a gnoll's poison
             ... on level 6 of the Dungeon.
             The game lasted 00:10:13 (7507 turns).

GravitySqueeze the Shield-Bearer (Minotaur Fighter) Turns: 7507, Time: 00:10:13

Health: 0/19       AC: 13    Str: 20    XL:     1   Next: 0%
Magic:  0/0        EV:  5    Int:  8    God:    Okawaru [******]
Gold:   185        SH:  9    Dex:  9    Spells: 0 memorised, 0 levels left

rFire  . . .     SeeInvis .     a - +0 long sword
rCold  . . .     Gourm    +     o - +0 chain mail
rNeg   . . .     Faith    .     c - +0 shield
rPois  .         Spirit   .     (helmet restricted)
rElec  .         Dismiss  .     (no cloak)
rCorr  .         Reflect  .     h - +2 pair of gloves
SustAt .         Harm     .     i - +0 pair of boots
MR     .....                    e - amulet of the gourmand
Stlth  ..........               t - -3 ring of intelligence (curse)
                                r - +6 ring of intelligence

@: lethally poisoned (0 -> -32)
A: retaliatory headbutt, horns 2
a: Heroism, Finesse, Renounce Religion


You were on level 6 of the Dungeon.
You worshipped Okawaru.
Okawaru was exalted by your worship.
You were full.

You visited 2 branches of the dungeon, and saw 8 of its levels.

You collected 185 gold pieces.

Inventory:

Hand Weapons
 a - a +0 long sword (weapon)
Missiles
 k - 8 needles of sleeping
Armour
 c - a +0 shield (worn)
 h - a +2 pair of gloves (worn)
 i - a +0 pair of boots (worn)
 o - a +0 chain mail (worn)
Jewellery
 e - an amulet of the gourmand (around neck)
 q - an uncursed amulet of magic regeneration
 r - a +6 ring of intelligence (left hand)
 t - a cursed -3 ring of intelligence (right hand)
Wands
 b - a wand of lightning (0/15)
Scrolls
 d - 3 scrolls of teleportation {unknown}
 j - a scroll of immolation {unknown}
 l - a scroll of magic mapping {unknown}
 m - 2 scrolls of remove curse
 n - 3 scrolls of identify {unknown}
 s - a scroll of fear {unknown}
Potions
 p - a potion of degeneration
Comestibles
 f - 4 bread rations
 g - 3 meat rations
 u - a beef jerky


   Skills:
 + Level 3.6 Fighting
 + Level 2.4 Long Blades
 + Level 3.6 Armour
 + Level 3.6 Shields


You couldn't memorise any spells.
You didn't know any spells.

Dungeon Overview and Level Annotations

Branches:
Dungeon (7/15)             Temple (1/1) D:1

Altars:
Cheibriados
Dithmenos
Elyvilon
Fedhas
Gozag
Hepliaklqana
Makhleb
Nemelex Xobeh
Okawaru
Sif Muna
Trog
Vehumet
Yredelemnul
Zin


Innate Abilities, Weirdness & Mutations

You reflexively headbutt those who attack you in melee.
You have a pair of horns on your head.


Message History

You block the gnoll's attack.
You closely miss the gnoll.
You headbutt the gnoll, but do no damage.
The gnoll hits you but does no damage.
You are poisoned.
You closely miss the gnoll.
You feel sick. You block the gnoll's attack.
The gnoll hits you but does no damage.
You closely miss the gnoll.
You feel sick.
The gnoll hits you with a halberd of venom.
You are lethally poisoned!
The gnoll hits you from afar with a spear.
You hit the gnoll.
The gnoll is heavily wounded.
You feel very sick. You block the gnoll's attack.
The gnoll hits you with a halberd of venom.
* * * LOW HITPOINT WARNING * * *
You are more poisoned.
The gnoll hits you but does no damage.
You die...

....#.# #...(.......
...#.###+#...........
............###.....
#...........###.....
#.............#.....
..###..g..##....#.#.....
.......g........+>#.....
#...#.##....#+#.....
####..@#.##.##.........
+.......'....##.........
#####...#.##..#.........
.......#.##..#.......#.
..............#......#.
....................###.
....................# ##
.. ..........##....#.###
.... ....#..........#.#


You could see 2 gnolls.

Vanquished Creatures
  76 gnolls
  The ghost of bananaken the Ducker, a weakling SpMo of Yredelemnul (D:6)
77 creatures vanquished.

Notes
Turn   | Place    | Note
-------+----------+-------------------------------------------
     0 | D:1      | GravitySqueeze the Minotaur Fighter began the quest for the Orb.
     0 | D:1      | Reached XP level 1. HP: 19/19 MP: 0/0
    60 | D:1      | Found a staircase to the Ecumenical Temple.
    77 | Temple   | Entered the Ecumenical Temple
   261 | Temple   | Became a worshipper of Warmaster Okawaru
   959 | D:2      | Reached * piety under Okawaru
  1774 | D:2      | Found an opulent altar of Gozag.
  1789 | D:2      | Found a blossoming altar of Fedhas.
  1789 | D:2      | Found a snail-covered altar of Cheibriados.
  1790 | D:2      | Found a glowing silver altar of Zin.
  1876 | D:1      | Reached ** piety under Okawaru
  2500 | D:1      | Reached *** piety under Okawaru
  3362 | D:2      | Reached **** piety under Okawaru
  3464 | D:3      | Found a hazy altar of Hepliaklqana.
  3890 | D:3      | Reached ***** piety under Okawaru
  3912 | D:3      | Received a gift from Okawaru
  4497 | D:4      | Found a radiant altar of Vehumet.
  5686 | D:5      | Entered Level 5 of the Dungeon
  5923 | D:5      | Found an iron altar of Okawaru.
  6873 | D:6      | Noticed bananaken's ghost (weakling SpMo)
  6887 | D:6      | Killed bananaken's ghost
  7084 | D:6      | Found a burning altar of Makhleb.
  7157 | D:6      | Received a gift from Okawaru
  7157 | D:6      | Reached ****** piety under Okawaru
  7507 | D:6      | Succumbed to a gnoll's poison

Action                   || total
-------------------------++-------
Melee: Long sword        ||   320
       Headbutt          ||    58
Evoke: Wand              ||     3
  Use: Potion            ||    11
       Scroll            ||     2
  Eat: Chunk             ||     5
Armor: Scale mail        ||    62
       Chain mail        ||    35
       Skin              ||    14
Dodge: Dodged            ||    67
Block: Shield            ||   154
